 Dungeon Crawl Stone Soup version 0.29.1-12-g30fa7ad0bf (webtiles) character file.

Game seed: 11017407051461253775

66 CaptainMV the Conjurer (level 3, -3/26 HPs)
             Began as a Draconian Conjurer on Dec 16, 2022.
             Killed by nerve-wracking pain
             ... invoked by Grinder
              (14 damage)
             ... on level 3 of the Dungeon.
             The game lasted 00:17:28 (1992 turns).

CaptainMV the Conjurer (Draconian Conjurer)         Turns: 1992, Time: 00:17:29

Health: -3/26      AC:  6    Str:  9    XL:     3   Next: 96%
Magic:  0/6        EV: 12    Int: 20    God:
Gold:   150        SH:  5    Dex:  9    Spells: 3/6 levels left

rFire   . . .      SeeInvis .   e - +1 quarterstaff
rCold   . . .      Faith    .   (shield currently unavailable)
rNeg    . . .      Spirit   .   (body armour unavailable)
rPois   .          Reflect  +   (helmet restricted)
rElec   .          Harm     .   n - +0 cloak
rCorr   .          Rampage  .   (no gloves)
Will    .....                   (no boots)
Stlth   ++........              d - amulet of reflection
HPRegen 0.08/turn               (no ring)
MPRegen 0.10/turn               (no ring)

@: no status effects
A: AC +5, unfitting armour, cold-blooded
a: no special abilities


You were on level 3 of the Dungeon.
You visited 1 branch of the dungeon, and saw 3 of its levels.

You collected 150 gold pieces.

Inventory:

Hand Weapons
 e - a +1 quarterstaff (weapon)
Armour
 n - a +0 cloak (worn)
Jewellery
 d - an amulet of reflection (around neck)
 p - an amulet of magic regeneration
Scrolls
 g - 2 scrolls of magic mapping
 i - 2 scrolls of teleportation
 j - a scroll of fear
 k - a scroll of enchant armour {unknown}
 o - a scroll of brand weapon {unknown}
Potions
 a - 2 potions of magic
 b - a potion of ambrosia {unknown}
 c - 2 potions of haste {unknown}
 f - a potion of flight {unknown}
 h - a potion of degeneration {unknown}
 l - a potion of lignification {unknown}
 m - a potion of attraction {unknown}


   Skills:
 + Level 0.1 Fighting
 + Level 0.2 Staves
 + Level 2.3 Dodging
 + Level 2.1 Stealth
 + Level 2.4 Spellcasting
 + Level 4.8 Conjurations


You had 3 spell levels left.
You knew the following spells:

 Your Spells              Type           Power      Damage    Failure   Level
a - Magic Dart            Conj           84%        1d7       1%          1
b - Searing Ray           Conj           42%        2d6       3%          2

Your spell library contained the following spells:

 Spells                   Type           Power      Damage    Failure   Level
 Slow                     Hex            8%         N/A       16%         1
 Dazzling Flash           Conj/Hex       24%        N/A       17%         3
 Confusing Touch          Hex            2%         N/A       41%         3
 Vampiric Draining        Necr           2%         2d6       41%         3
 Fulminant Prism          Conj/Hex       6%         3d7       50%         4
 Iskenderun's Mystic Bla  Conj/Tloc      12%        2d5       50%         4


Dungeon Overview and Level Annotations

Branches:
Dungeon (3/15)

Altars:

Shops:
D:3 *

Annotations:
D:3 Grinder


Innate Abilities, Weirdness & Mutations

Your plain brown scales are hard. (AC +5)
You cannot fit into any form of body armour.
You are cold-blooded and may be slowed by cold attacks.


Message History

Aiming: Searing Ray (safe; 3% risk of failure)
Press: ? - help, Shift-Dir - straight line, f - rat
Aim: a rat (78% to hit)
The searing ray hits the rat!
You kill the rat! (Press . to maintain the ray.)
Found a faded altar of an unknown god.
Found a metallic orange potion.
Found a scroll labelled ZIFOEN UWAGG.
l - a metallic orange potion
o - a scroll labelled ZIFOEN UWAGG
Found a stone staircase leading up.
Grinder comes into view.
Grinder shouts!
Casting: Searing Ray (safe; 3% risk of failure)
Confirm with . or Enter, or press ? or * to list all spells.
Aiming: Searing Ray (safe; 3% risk of failure)
Press: ? - help, Shift-Dir - straight line, f - Grinder
Aim: Grinder (75% to hit)
The searing ray hits Grinder!
Grinder is moderately wounded. (Press . to maintain the ray.) Grinder hits you.
The searing ray hits Grinder!
Grinder is moderately wounded.
Grinder hits you.
You writhe in agony.
The searing ray hits Grinder!
Grinder is heavily wounded.
Grinder gestures at you. You resist with significant effort.
The searing ray hits Grinder.
Grinder is severely wounded.
You finish channelling your searing ray.
Grinder hits you.
Grinder blinks!
Grinder blinks!
Grinder gestures at you. Pain shoots through your body!
Ouch! That really hurt!
You die...

#.# #..### #.# #####
####..
#.######..^#######....
#<....................
#...###...............
##.#######.........###.
#.....# ###.....### ##
#####.############
#.@.5...# #.####### #.#
###


You could see Grinder.

Vanquished Creatures
  An adder (D:2)
  2 worms (D:2)
  A dart slug (D:1)
  An orc (D:3)
  4 endoplasms
  4 giant cockroaches
  7 goblins
  4 hobgoblins
  A quokka (D:1)
  5 ball pythons (D:1)
  6 bats
  3 kobolds
  4 rats
43 creatures vanquished.

Notes
Turn   | Place    | Note
-------+----------+-------------------------------------------
     0 | D:1      | CaptainMV the Draconian Conjurer began the quest for the
                  | Orb.
     0 | D:1      | Reached XP level 1. HP: 14/14 MP: 3/3
   116 | D:1      | Reached XP level 2. HP: 20/20 MP: 0/5
   749 | D:2      | Reached XP level 3. HP: 16/26 MP: 3/6
   817 | D:2      | Learned a level 2 spell: Searing Ray
  1693 | D:3      | Found Piuget's Assorted Antiques.
  1951 | D:3      | Found a faded altar of an unknown god.
  1982 | D:3      | Noticed Grinder
  1992 | D:3      | Killed from afar by Grinder

Illustrated notes

Levels and vault maps discovered:
D:1:      kennysheep_arrival_seaside, layout_basic, minmay_pentomino_w2
D:2:      layout_basic
D:3:      layout_basic, general_overflow_altar, serial_shops,
          nicolae_lakefront_shop, hellmonk_ecumenical_altar_zigzags,
          hellmonk_ghost_happy_afterlife, uniq_robin, uniq_grinder, uniq_jessica

Skill      XL: |  1  2  3 |
---------------+----------+-----
Dodging        | 2 |  2.3
Stealth        | 2 |  2.1
Fighting       | |  0.1
Staves         | |  0.2
Spellcasting   | |  2.4
Conjurations   | |  4.8

Action                   || total
-------------------------++-------
Melee: Unarmed           ||     8
       Tailslap          ||     7
       Quarterstaff      ||    40
 Cast: Magic Dart        ||    39
       Searing Ray       ||    16
  Use: Scroll            ||     5
 Stab: Sleeping          ||     1
Armor: Skin              ||    15
Dodge: Dodged            ||    31
Block: Other             ||     6
